[Event "European Women's Chess Championship (1-48)"]
[Site "Batumi, Georgia"]
[Date "2026.05.25"]
[Round "1.42"]
[White "Hayrapetyan, Nvard"]
[Black "Gvetadze, Sofio"]
[Result "1-0"]
[TimeControl "90min/ 40moves+ 30min+ 30-sec increment from move 1"]
[WhiteTitle "-"]
[BlackTitle "-"]
[WhiteFideId "13316460"]
[BlackFideId "13601440"]
[WhiteElo "2057"]
[BlackElo "2311"]

1. d4 Nf6 2. c4 b6 3. Nc3 Bb7 4. f3 d6 5. e4 Nbd7 6. Nge2 c5 7. d5 g6 8. Ng3 h5 9. h4 Bg7 10.
Be2 Ne5 11. O-O Bc8 12. Bd2 Nh7 13. Nh1 Bf6 14. Qe1 Rg8 15. f4 Ng4 16. e5 Bg7 17. Bxg4 Bxg4 18. Nf2 Bf5 19. a4 Kf8 20.
Qe2 Rh8 21. Rfe1 Kg8 22. a5 Nf8 23.
axb6 Qxb6 24. Nb5 a5 25. Ra3 Bd7 26. Rea1 Qb8 27. Bc3 Bxb5 28. cxb5 Qb7 29. Qd3 dxe5 30. fxe5 Rd8 31. Rd1 Ne6 32.
Bxa5 Rd7 33. Qf3 Nd4 34. Rxd4 cxd4 35. e6 Rxd5 36. Qxf7+ Kh7 37. Rg3 g5 38. Qxh5+ Kg8 39. Qf7+ Kh7 40.
hxg5 1-0

[Event "European Women's Chess Championship (1-48)"]
[Site "Batumi, Georgia"]
[Date "2026.05.25"]
[Round "1.43"]
[White "Matnadze Bujiashvili, Ann"]
[Black "Avetisyan, Ani"]
[Result "1/2-1/2"]
[TimeControl "90min/ 40moves+ 30min+ 30-sec increment from move 1"]
[WhiteTitle "-"]
[BlackTitle "-"]
[WhiteFideId "13601377"]
[BlackFideId "13319035"]
[WhiteElo "2310"]
[BlackElo "2052"]

1. d4 Nf6 2. Nf3 d5 3. c4 e6 4. g3 Be7 5. Bg2 O-O 6. Nc3 dxc4 7. Ne5 Qd6 8. Nxc4 Qa6 9. Qb3 Rd8 10.
O-O Nc6 11. Be3 Nd5 12. Rac1 Nxc3 13. bxc3 Na5 14. Nxa5 Qxa5 15. c4 c6 16. c5 Bd7 17. Rb1 b5 18. cxb6 axb6 19. d5 Rdc8 20.
Bxb6 Qxa2 21. Qxa2 Rxa2 22. dxc6 Bxc6 23. Rfc1 Bd7 24. Rxc8+ Bxc8 25. Be3 Bd6 26. Rd1 Be7 27. Rb1 Bd6 28.
Rd1 Be7 29. Bf3 g5 30. Rc1 Ba6 31. Bd4 h6 32. Rc7 Kf8 33. Ra7 Bc4 34. Rc7 Ba6 35. Ra7 Bc4 36. Rb7 Bd6 37. Rb6 Ra6 38. Rb7 e5 39. Bc3 Ra3 40. Bb2 Rb3 41. Rxb3 Bxb3 42. Be4 Bc4 43.
e3 Ke7 44. Bf5 Be6 45. Bxe6 Kxe6 46. e4 g4 47. Kg2 h5 48. h3 f5 49. exf5+ Kxf5 50. hxg4+ hxg4 51. Bxe5 Bxe5 52. f3 1/2-1/2

[Event "European Women's Chess Championship (1-48)"]
[Site "Batumi, Georgia"]
[Date "2026.05.25"]
[Round "1.44"]
[White "Tsiganova, Monika"]
[Black "Hrebenshchykova, Yelyzaveta"]
[Result "1-0"]
[TimeControl "90min/ 40moves+ 30min+ 30-sec increment from move 1"]
[WhiteTitle "-"]
[BlackTitle "-"]
[WhiteFideId "4500199"]
[BlackFideId "14159899"]
[WhiteElo "2039"]
[BlackElo "2309"]

1. d4 Nf6 2. c4 g6 3. Nc3 Bg7 4. e4 d6 5. Nf3 O-O 6. Be2 e5 7. O-O Na6 8. Be3 Qe7 9. d5 Nh5 10.
Re1 Nf4 11. Bf1 Bg4 12. h3 Bd7 13. Rc1 h5 14. a3 g5 15.
Nh2 g4 16. hxg4 hxg4 17. Nxg4 Qh4 18. Nh2 f5 19. Nf3 Qg4 20. Bxf4 Qxf4 21. b4 Bh6 22. Rc2 fxe4 23. Rxe4 Qf6 24.
Rh4 Bf5 25. Bd3 Kg7 26. Qe2 Qg6 27. Bxf5 Rxf5 28. Rh3 Qf7 29. Ne4 Rg8 30. Ng3 Bf4 31. Nxf5+ Qxf5 32. Nh4 Qg5 33. Qe4 Rf8 34.
Rcc3 Kf7 35. Nf3 Qg4 36. Qh7+ Ke8 37. Rh4 Qd7 38. Qg6+ Qf7 39. Qxf7+ Rxf7 40. g3 1-0

[Event "European Women's Chess Championship (1-48)"]
[Site "Batumi, Georgia"]
[Date "2026.05.25"]
[Round "1.45"]
[White "Arakhamia-Grant, Ketevan"]
[Black "Tsirulnik, Maritsa"]
[Result "0-1"]
[TimeControl "90min/ 40moves+ 30min+ 30-sec increment from move 1"]
[WhiteTitle "-"]
[BlackTitle "-"]
[WhiteFideId "13600168"]
[BlackFideId "14118688"]
[WhiteElo "2306"]
[BlackElo "2028"]

1. e4 c5 2. Nf3 e6 3. d4 cxd4 4. Nxd4 a6 5. Bd3 Nf6 6. Qe2 d6 7. O-O Be7 8. Nc3 Qc7 9. Kh1 Nc6 10.
Nxc6 bxc6 11. f4 Nd7 12. Be3 c5 13. Rae1 O-O 14. b3 Bb7 15. Nd1 Bf6 16. Nf2 Bc3 17. Bd2 Bxd2 18. Qxd2 a5 19.
Ng4 d5 20. e5 c4 21. f5 f6 22. fxe6 Nxe5 23. Bf5 g6 24. Nh6+ Kg7 25. Bh3 Rae8 26. Qf4 Qe7 27. Ng4 Nxg4 28.
Bxg4 f5 29. Bf3 cxb3 30. cxb3 Rf6 31. Qd4 Qb4 32. Qa1 Qd6 33. g4 fxg4 34. Bg2 Rexe6 35. Rxe6 Qxe6 36. Qd4 Bc6 37. Rc1 Qd7 38.
Rf1 Qe6 39. Rc1 h5 40. Qa7+ Qf7 41. Qxa5 h4 42. Kg1 h3 43. Bf1 Qe6 44. Qa7+ Kh6 45. Qd4 Kh5 46. Bd3 Qd6 47. Be2 Bd7 48.
Rc5 g5 49. Rxd5 Qe6 50. Re5 Qc6 51. Qd5 Qc1+ 52. Qd1 Qf4 53. Qe1 Qd4+ 0-1

[Event "European Women's Chess Championship (1-48)"]
[Site "Batumi, Georgia"]
[Date "2026.05.25"]
[Round "1.46"]
[White "Golsta, Madara"]
[Black "Zimina, Olga"]
[Result "1/2-1/2"]
[TimeControl "90min/ 40moves+ 30min+ 30-sec increment from move 1"]
[WhiteTitle "-"]
[BlackTitle "-"]
[WhiteFideId "11607386"]
[BlackFideId "4132190"]
[WhiteElo "2023"]
[BlackElo "2290"]

1. e4 c6 2. d4 d5 3. exd5 cxd5 4. c4 Nf6 5. Nc3 g6 6. Qb3 Bg7 7. cxd5 O-O 8. Be2 Na6 9. Bf3 Qb6 10.
Qxb6 axb6 11. Nge2 Nb4 12. O-O Rd8 13. d6 Rxd6 14. Bf4 Rd7 15. Be5 Nfd5 16. Nxd5 Nxd5 17. Bxg7 Kxg7 18. Rac1 Kf8 19.
Rc4 Rd6 20. Bxd5 Rxd5 21. Rfc1 Be6 22. Nf4 Rb5 23. Nxe6+ fxe6 24. Rc8+ Rxc8 25. Rxc8+ Kf7 26. b3 Rd5 27. g3 Rxd4 28.
Rc7 b5 29. Rxb7 b4 30. Kg2 e5 31. Kf3 Rd2 32. Rxb4 Rxa2 33. Rb6 h5 34. h4 e6 35. Rb7+ Kf6 36. b4 Rb2 37. b5 e4+ 38.
Kxe4 Rxf2 39. Rb8 Rb2 40. b6 Rb4+ 41. Kd3 Kf5 42. Rf8+ Ke5 43. Rg8 Kf5 44. Rf8+ Ke5 45. Rg8 Kf5 46.
Rf8+ Ke5 1/2-1/2

[Event "European Women's Chess Championship (1-48)"]
[Site "Batumi, Georgia"]
[Date "2026.05.25"]
[Round "1.47"]
[White "Unuk, Laura"]
[Black "Hariharan, Shambavi"]
[Result "1/2-1/2"]
[TimeControl "90min/ 40moves+ 30min+ 30-sec increment from move 1"]
[WhiteTitle "-"]
[BlackTitle "-"]
[WhiteFideId "14609215"]
[BlackFideId "488160"]
[WhiteElo "2289"]
[BlackElo "2008"]

1. d4 Nf6 2. c4 e6 3. Nf3 b6 4. g3 Bb7 5. Bg2 Be7 6. O-O O-O 7. d5 exd5 8. Nh4 Ne4 9. cxd5 Bxh4 10.
Bxe4 Bf6 11. Qc2 h6 12. Nc3 d6 13. Bg2 Qd7 14. Be3 Na6 15. a3 c6 16. Ne4 Be7 17. Qa4 Nb8 18. Bf4 b5 19.
dxc6 Bxc6 20. Qb3 Qb7 21. Qd3 Rd8 22. Rac1 d5 23. Nc5 Bxc5 24. Rxc5 Na6 25. Rc2 b4 26. Rfc1 Bb5 27. Qf5 bxa3 28.
bxa3 Qd7 29. Qh5 Qe6 30. Rd2 Bc4 31. Bh3 Qe7 32. Be3 Nc5 33. Bxc5 Qxc5 34. Qf3 Rab8 35. a4 Qb4 36. Qc3 Qxa4 37.
Ra1 Qb5 38. Bg4 Ra8 39. Ra5 Qb1+ 1/2-1/2

[Event "European Women's Chess Championship (1-48)"]
[Site "Batumi, Georgia"]
[Date "2026.05.25"]
[Round "1.48"]
[White "Kobak, Polina"]
[Black "Jarocka, Liwia"]
[Result "1-0"]
[TimeControl "90min/ 40moves+ 30min+ 30-sec increment from move 1"]
[WhiteTitle "-"]
[BlackTitle "-"]
[WhiteFideId "24269727"]
[BlackFideId "21807558"]
[WhiteElo "1986"]
[BlackElo "2288"]

1. d4 e6 2. c4 b6 3. Nc3 Bb7 4. a3 Nf6 5. Nf3 d5 6. cxd5 Nxd5 7. e3 Nd7 8. Bd3 c5 9. O-O cxd4 10.
Nxd5 Bxd5 11. Nxd4 Be7 12. Qe2 O-O 13. e4 Bb7 14. Rd1 Ne5 15. Bb5 Qc8 16. Bf4 Ng6 17. Bg3 Bg5 18. h4 Bh6 19.
h5 Nf4 20. Qg4 f5 21. Qh4 fxe4 22. Rac1 Nh3+ 23. Qxh3 Bxc1 24. Nxe6 Bxb2 25. Rd7 e3 26. Nxf8 Qc1+ 27. Kh2 exf2 28.
Bxf2 Rxf8 29. Rxb7 Be5+ 30. Bg3 Bd4 31. Qe6+ Kh8 32. Rf7 Rd8 33. Rf1 Qc5 34. Qf5 Qxa3 35. Bd3 g6 36. Be5+ Bxe5+ 37. Qxe5+ Kg8 38. Bc4+ 1-0

[ePGN "0.1;DGT LiveChess/2.2.10"]

[Event "European Women's Chess Championship (49-84)"]
[Site "Batumi, Georgia"]
[Date "2026.05.25"]
[Round "1.49"]
[White "Krasteva, Beloslava"]
[Black "Muradyan, Anahit"]
[Result "1-0"]
[TimeControl "90min /40moves + 30min + 30-sec increment from move 1"]
[WhiteTitle "-"]
[BlackTitle "-"]
[WhiteFideId "2922029"]
[BlackFideId "13314807"]
[WhiteElo "2285"]
[BlackElo "1977"]

1. d4 Nf6 2. c4 e6 3. Nc3 d5 4. cxd5 Nxd5 5. e4 Nxc3 6. bxc3 c5 7. Rb1 Nc6 8. d5 exd5 9. exd5 Na5 10.
Bb5+ Bd7 11. Qe2+ Qe7 12. Bxd7+ Kxd7 13. Be3 b6 14. Qg4+ Ke8 15. Nf3 Rd8 16. O-O h5 17. Qf4 f6 18.
Rbd1 Qd6 19. Qe4+ Kf7 20. Nh4 Qe5 21. Qc2 Bd6 22. g3 Qe8 23. Rfe1 Qd7 24. Qg6+ Kf8 25. Bc1 Qf7 26. Qf5 Kg8 27.
Ng6 Rh7 28. Re6 Nc4 29. Rde1 Be5 30. Ne7+ Kh8 31. R1xe5 Nxe5 32. Rxe5 g6 33. Nxg6+ Kg8 34. Re6 Rg7 35. Rxf6 Qd7 36.
Qxh5 Rh7 37. Qf3 Rg7 38. Ne5 Qe7 39. Re6 Qb7 40. Bh6 Re7 41. Qg4+ Kh7 42. Qg6+ 1-0

[Event "European Women's Chess Championship (49-84)"]
[Site "Batumi, Georgia"]
[Date "2026.05.25"]
[Round "1.50"]
[White "Radikovic, Anamarija"]
[Black "Pogorelskikh, Sofia"]
[Result "0-1"]
[TimeControl "90min /40moves + 30min + 30-sec increment from move 1"]
[WhiteTitle "-"]
[BlackTitle "-"]
[WhiteFideId "14546264"]
[BlackFideId "44164548"]
[WhiteElo "1974"]
[BlackElo "2284"]

1. e4 c5 2. Nf3 d6 3. d4 cxd4 4. Nxd4 Nf6 5. Nc3 a6 6. Bc4 e6 7. Be3 Nbd7 8. O-O Nc5 9. f3 b5 10.
Bb3 Qc7 11. a3 Be7 12. Ba2 O-O 13. Qe1 Bd7 14. Qg3 Rfc8 15. Rad1 Rab8 16. b4 Na4 17. Nxa4 bxa4 18. c4 e5 19.
Nf5 Bxf5 20. exf5 a5 21. Bh6 Nh5 22. Qg4 axb4 23. axb4 Rxb4 24. Qxh5 gxh6 25. Qxh6 Qd8 26. Bb1 Bg5 27.
Qh5 Rcxc4 28. Be4 Qf6 29. Kh1 Rd4 30.
Bd5 Rxd1 31. Rxd1 Rh4 32. Bxf7+ Kg7 0-1

[Event "European Women's Chess Championship (49-84)"]
[Site "Batumi, Georgia"]
[Date "2026.05.25"]
[Round "1.51"]
[White "Schneider, Jana"]
[Black "Esadze, Tamari"]
[Result "1-0"]
[TimeControl "90min /40moves + 30min + 30-sec increment from move 1"]
[WhiteTitle "-"]
[BlackTitle "-"]
[WhiteFideId "12924997"]
[BlackFideId "13611186"]
[WhiteElo "2283"]
[BlackElo "1974"]

1. e4 c5 2. Nf3 d6 3. Bb5+ Bd7 4. Bxd7+ Qxd7 5. O-O Nc6 6. Re1 Nf6 7. c3 e6 8. d4 cxd4 9. cxd4 d5 10.
e5 Ne4 11. a3 Be7 12. Nbd2 Nxd2 13. Bxd2 O-O 14. Rc1 a5 15. Rc3 Na7 16. Rd3 Nc8 17. h4 Nb6 18. h5 Nc4 19. Bc1 b5 20.
Nh2 f6 21. b3 Nxa3 22. exf6 Rxf6 23. h6 g6 24. Ng4 Rf5 25. Rde3 Ra6 26. Qe2 Rb6 27. Rxe6 Rxe6 28. Qxe6+ Qxe6 29.
Rxe6 Kf7 30. Rxe7+ Kxe7 31. Bxa3+ b4 32. Bb2 Rf8 33. Kf1 Ke6 34. Ke2 Ra8 35. Kd2 Ra6 36. f3 Ke7 37. Ne5 Ke6 38.
Bc1 Kf6 39. Nd7+ Kf7 40. Nc5 Rc6 41. Kd3 Kf6 42. Bd2 Rc8 43. Bf4 g5 44. Be5+ Kf7 45. Ke2 Rc6 46. Bg7 Rc8 47. Kf2 Re8 48.
g3 Rc8 49. Ke2 Re8+ 50. Kd2 Rc8 51. f4 gxf4 52. gxf4 Kg6 53. Nb7 Rc3 54. Nd6 Kh5 55. f5 Rxb3 56. f6 Rf3 57. f7 a4 58.
f8=Q Rxf8 59. Bxf8 a3 60. Kc2 1-0

[Event "European Women's Chess Championship (49-84)"]
[Site "Batumi, Georgia"]
[Date "2026.05.25"]
[Round "1.52"]
[White "Avelino, Camila Biscaya"]
[Black "Velikic, Adela"]
[Result "0-1"]
[TimeControl "90min /40moves + 30min + 30-sec increment from move 1"]
[WhiteTitle "-"]
[BlackTitle "-"]
[WhiteFideId "1938975"]
[BlackFideId "913553"]
[WhiteElo "1937"]
[BlackElo "2277"]

1. e4 c5 2. Nf3 d6 3. d4 cxd4 4. Nxd4 Nf6 5. Nc3 a6 6. Bc4 e6 7. Bb3 Nbd7 8. f4 Nc5 9. e5 Nfd7 10.
exd6 Nf6 11. Bc4 Bxd6 12. Be2 O-O 13. O-O Bd7 14. Kh1 Qc7 15. Qe1 Rfe8 16. b4 Na4 17. Nxa4 Bxa4 18. c4 Rad8 19. Qc3 Bd7 20. c5 e5 21. Qd2 exd4 22. cxd6 Qxd6 23.
Bb2 Bc6 24. Rad1 Ba4 25. Rc1 Ne4 0-1

[Event "European Women's Chess Championship (49-84)"]
[Site "Batumi, Georgia"]
[Date "2026.05.25"]
[Round "1.53"]
[White "Mirzoeva, Elmira"]
[Black "Venskaya, Nika"]
[Result "1-0"]
[TimeControl "90min /40moves + 30min + 30-sec increment from move 1"]
[WhiteTitle "-"]
[BlackTitle "-"]
[WhiteFideId "4127951"]
[BlackFideId "13523503"]
[WhiteElo "2265"]
[BlackElo "1937"]

1. Nf3 Nf6 2. c4 c5 3. b3 g6 4. Bb2 Bg7 5. g3 b6 6. Bg2 Bb7 7. O-O O-O 8. d4 Na6 9. d5 d6 10.
Nbd2 e6 11. e4 exd5 12. cxd5 Re8 13. Re1 b5 14. Qb1 Rc8 15. a4 bxa4 16. Rxa4 Nb4 17. Rxa7 Ba6 18. Nc4 Rb8 19. e5 Nfxd5 20. Nxd6 Rf8 21. Qd1 Nc7 22. e6 Nxe6 23. Bxg7 Nxg7 24. Ne5 Nf5 25. Nxf5 gxf5 26. Nd7 Bb5 27. Nxb8 Qxd1 28. Rxd1 Rxb8 29. Rb7 Rxb7 30. Bxb7 Bd3 31.
Rc1 Bc2 32. Bd5 Kf8 33. Bc4 Be4 34. Ra1 Nc6 35. f4 h6 36. Kf2 Ke7 37. Ke3 f6 38. Ra8 Nd8 39. Ra7+ Kf8 40. Rc7 Nb7 41.
Bd3 Bd5 42. Bc4 Be4 43. Rf7+ Ke8 44. Rxf6 Na5 45. Rxh6 Nc6 46. Bb5 1-0

[Event "European Women's Chess Championship (49-84)"]
[Site "Batumi, Georgia"]
[Date "2026.05.25"]
[Round "1.54"]
[White "Rusitashvili, Tea"]
[Black "Urh, Zala"]
[Result "0-1"]
[TimeControl "90min /40moves + 30min + 30-sec increment from move 1"]
[WhiteTitle "-"]
[BlackTitle "-"]
[WhiteFideId "13640771"]
[BlackFideId "14611481"]
[WhiteElo "1929"]
[BlackElo "2263"]

1. e4 c5 2. Nf3 g6 3. d4 cxd4 4. Nxd4 Nc6 5. c4 Nf6 6. Nc3 Nxd4 7. Qxd4 d6 8. h3 Bg7 9. Be3 O-O 10.
Qd2 a5 11. Bd3 a4 12. O-O Qa5 13. Rac1 Bd7 14. Bh6 Rfc8 15. Rfe1 Qb4 16. Bxg7 Kxg7 17. Qe2 Rc5 18. f4 Be6 19.
Nb5 Rac8 20. a3 Qa5 21. Red1 Qb6 22. Kh2 Bd7 23. Nc3 Bc6 24. Qf2 Rb5 25. Qxb6 Rxb6 26. Rd2 Nd7 27. Re1 Nc5 28.
Bb1 Kf8 29. Ree2 Ne6 30. g3 Ra6 31. Rd1 Ra5 32. Bc2 Be8 33.
Bd3 Nc5 34. Bb1 Bd7 35. Nd5 Be6 36.
Ne3 Nb3 37. Bd3 f6 38. Kg2 Rac5 39.
g4 Na5 40. Rc2 Bxc4 41. Nxc4 Nxc4 42. Re2 R8c6 43. Kf3 Rb6 44. Bxc4 Rxc4 45. Rd3 Rb5 46. Red2 Rc1 47. Re2 Rb1 48.
Rdd2 Rf1+ 49. Kg2 Rxf4 50. Rd4 Rb3 51. Rxa4 Rff3 52. Ra7 Rg3+ 53. Kf1 Rxh3 54. Rc2 Rh1+ 55. Kg2 Rb1 56. Ra8+ Kf7 57.
Rh8 R1xb2 0-1

[Event "European Women's Chess Championship (49-84)"]
[Site "Batumi, Georgia"]
[Date "2026.05.25"]
[Round "1.55"]
[White "Safarli, Josefine"]
[Black "Demirtas, Hafize"]
[Result "1-0"]
[TimeControl "90min /40moves + 30min + 30-sec increment from move 1"]
[WhiteTitle "-"]
[BlackTitle "-"]
[WhiteFideId "12900460"]
[BlackFideId "6382070"]
[WhiteElo "2253"]
[BlackElo "1928"]

1. e4 c6 2. d4 d5 3. e5 Bf5 4. Nf3 e6 5. Be2 c5 6. Be3 Nc6 7. dxc5 Qc7 8. O-O Nxe5 9. Nxe5 Qxe5 10.
Bb5+ Kd8 11. Nc3 Ne7 12. Qd2 h6 13. Bf4 Qf6 14. Rfe1 Kc8 15. Bg3 Qg5 16. Qd4 Bxc2 17. Rac1 Nf5 18.
Qb4 a5 19. Bd7+ Kd8 20. Qxb7 Nxg3 21. Qxa8+ Kxd7 22. c6+ Kd6 23. Nb5+ Ke7 24. Rxc2 Nf5 25. c7 Kf6 26. Qxa5 Kg6 27.
Qc3 Be7 28. Qd3 Bb4 29. Rf1 1-0

[Event "European Women's Chess Championship (49-84)"]
[Site "Batumi, Georgia"]
[Date "2026.05.25"]
[Round "1.56"]
[White "Diasamidze, Lulu"]
[Black "Radeva, Viktoria"]
[Result "1/2-1/2"]
[TimeControl "90min /40moves + 30min + 30-sec increment from move 1"]
[WhiteTitle "-"]
[BlackTitle "-"]
[WhiteFideId "13623818"]
[BlackFideId "2915405"]
[WhiteElo "1924"]
[BlackElo "2242"]

1. e4 e6 2. d4 d5 3. Nc3 Nf6 4. e5 Nfd7 5. f4 c5 6. Nf3 Nc6 7. Be3 a6 8. Qd2 Be7 9. Be2 b5 10.
dxc5 Nxc5 11. a3 Bb7 12. O-O O-O 13. Nd4 Ne4 14. Nxe4 dxe4 15. Rad1 Nxd4 16. Qxd4 Qxd4 17. Bxd4 Rac8 18.
c3 Bd5 19. Kf2 Rc6 20. Ke3 Rb8 21. Rc1 f5 22. Rg1 Kf7 23. g4 g6 24. Rh1 h6 25. h4 Bb3 26. Bd1 Bc4 27. Be2 a5 28.
b4 Ra8 29. gxf5 exf5 30. Bxc4+ Rxc4 31. Rhg1 Rc6 32. a4 bxa4 33. b5 Re6 34. c4 Rb8 35. Ra1 a3 36. Rgb1 Bb4 37. Rg1 Rc8 38.
Rgc1 g5 39. fxg5 hxg5 40. hxg5 Rg6 41. b6 Ke6 42. c5 Kd5 43. Rd1 Kc6 44. Rh1 Rxg5 45. Rh6+ Kb7 46. Rh7+ Kc6 47. Rh6+ Kb7 48.
Rh7+ Kc6 49. Rh6+ Kb7 1/2-1/2

[Event "European Women's Chess Championship (49-84)"]
[Site "Batumi, Georgia"]
[Date "2026.05.25"]
[Round "1.57"]
[White "Zherebtsova, Alexandra"]
[Black "Koghuashvili, Tekla"]
[Result "1-0"]
[TimeControl "90min /40moves + 30min + 30-sec increment from move 1"]
[WhiteTitle "-"]
[BlackTitle "-"]
[WhiteFideId "24129518"]
[BlackFideId "13621564"]
[WhiteElo "2242"]
[BlackElo "1921"]

1. d4 Nf6 2. Bf4 d5 3. e3 c5 4. Nf3 Nc6 5. Nbd2 e6 6. c3 cxd4 7. exd4 Nh5 8. Be3 Bd6 9. Ne5 g6 10.
Nd3 f6 11. Bh6 Qe7 12. Qe2 e5 13. g4 Ng7 14. Bg2 e4 15. Nf4 Bxf4 16. Bxf4 Ne6 17. Qe3 h5 18. h3 hxg4 19. hxg4 Rxh1+ 20. Bxh1 Nxf4 21. Qxf4 g5 22. Qg3 Qe6 23. O-O-O Qxg4 24. Qh2 Qf4 25. Qh8+ Kd7 26. c4 Ne7 27. cxd5 f5 28. Kb1 Nxd5 29.
Nc4 b5 30. Ne5+ Kc7 31. Rc1+ Kb7 32. Qe8 Nb6 33. Qxb5 Rb8 34. Qc6+ Ka6 35. Rc3 Qd2 36. Ra3+ Qa5 37. Rxa5+ Kxa5 38.
Bg2 Ba6 39. Qc5+ Bb5 40. Nc6+ 1-0

[Event "European Women's Chess Championship (49-84)"]
[Site "Batumi, Georgia"]
[Date "2026.05.25"]
[Round "1.58"]
[White "Ashotia, Barbare"]
[Black "Szczotka, Klara"]
[Result "1-0"]
[TimeControl "90min /40moves + 30min + 30-sec increment from move 1"]
[WhiteTitle "-"]
[BlackTitle "-"]
[WhiteFideId "13625187"]
[BlackFideId "21858845"]
[WhiteElo "1913"]
[BlackElo "2241"]

1. e4 c6 2. d4 d5 3. e5 Bf5 4. Nc3 e6 5. g4 Bg6 6. Nge2 h6 7. Be3 Nd7 8. h4 Qb6 9. h5 Bh7 10.
Qd2 Qxb2 11. Rb1 Qxc2 12. Rxb7 Qxd2+ 13. Kxd2 Nb6 14. Nc1 Bb4 15. Bd3 Bxd3 16. Nxd3 Ba5 17. Nc5 Ne7 18. Kd3 Nc4 19.
N3a4 Bb6 20. Bd2 Nc8 21. f4 Ba5 22. Bxa5 Nxa5 23. Rc7 Nb6 24. f5 Nxa4 25. Nxa4 O-O 26. Nc5 exf5 27. gxf5 Rfc8 28.
Rd7 Rd8 29. Rxd8+ Rxd8 30. Rb1 Re8 31. Rb4 Ra8 32. Ra4 Nc4 33. Ra6 Nb6 34. a4 Kf8 35. a5 Nc4 36. Nd7+ Ke8 37. Nb6 Rb8 38.
Nxc4 dxc4+ 39. Kxc4 Rb7 40. Rxc6 Kd7 41. d5 Rb1 42. e6+ fxe6 43. fxe6+ Kd8 44. Kc5 1-0

[Event "European Women's Chess Championship (49-84)"]
[Site "Batumi, Georgia"]
[Date "2026.05.25"]
[Round "1.59"]
[White "Peglau, Charis"]
[Black "Giorgadze, Mariam Ere"]
[Result "1-0"]
[TimeControl "90min /40moves + 30min + 30-sec increment from move 1"]
[WhiteTitle "-"]
[BlackTitle "-"]
[WhiteFideId "16219996"]
[BlackFideId "13636839"]
[WhiteElo "2238"]
[BlackElo "1909"]

1. Nf3 Nf6 2. g3 g6 3. Bg2 Bg7 4. c4 O-O 5. Nc3 d6 6. O-O Nbd7 7. b4 e5 8. Rb1 Nh5 9. d3 h6 10.
e4 Re8 11. Be3 Ndf6 12. h3 Be6 13. Qd2 Kh7 14. g4 Nf4 15. Bxf4 exf4 16. Qxf4 g5 17. Qd2 Nd7 18. Ne2 Rb8 19.
Qc2 c5 20. d4 Nb6 21. d5 Bd7 22. bxc5 dxc5 23. Ng3 Be5 24. Nxe5 Rxe5 25. f4 gxf4 26. Rxf4 Qe7 27. Rbf1 Rf8 28. Rf6 Nc8 29. Qd2 Rg5 30.
Qf4 Be8 31. Rxh6+ 1-0

[Event "European Women's Chess Championship (49-84)"]
[Site "Batumi, Georgia"]
[Date "2026.05.25"]
[Round "1.60"]
[White "Kalandadze, Mariam"]
[Black "Purtseladze, Maka"]
[Result "0-1"]
[TimeControl "90min /40moves + 30min + 30-sec increment from move 1"]
[WhiteTitle "-"]
[BlackTitle "-"]
[WhiteFideId "13621122"]
[BlackFideId "13602659"]
[WhiteElo "1892"]
[BlackElo "2237"]

1. d4 d5 2. c4 dxc4 3. Nf3 Nf6 4. e3 e6 5. Bxc4 a6 6. a4 c5 7. O-O Nc6 8. Nc3 Be7 9. Qe2 cxd4 10.
Rd1 O-O 11. exd4 Nb4 12. Bg5 Bd7 13. Ne5 Bc6 14. Nxf7 Rxf7 15. Qxe6 Nfd5 16. Bf4 Qc8 17. Qe5 Qf5 18. Nxd5 Bxd5 19.
Bxd5 Nxd5 20. Bg3 Bg5 21. Ra3 Bf4 22. Bxf4 Nxf4 23. Re3 Qg4 0-1

[Event "European Women's Chess Championship (49-84)"]
[Site "Batumi, Georgia"]
[Date "2026.05.25"]
[Round "1.61"]
[White "Skarbarchuk, Tetyana"]
[Black "Damaso Tacoronte, Carolina"]
[Result "1-0"]
[TimeControl "90min /40moves + 30min + 30-sec increment from move 1"]
[WhiteTitle "-"]
[BlackTitle "-"]
[WhiteFideId "14184494"]
[BlackFideId "2292858"]
[WhiteElo "2236"]
[BlackElo "1890"]

1. c4 Nf6 2. Nc3 e5 3. Nf3 d6 4. g3 Be7 5. Bg2 O-O 6. d4 Nbd7 7. O-O a5 8. e3 c6 9. a3 Ne8 10.
Re1 f5 11. e4 f4 12. gxf4 exf4 13. Rb1 Kh8 14. b4 axb4 15. axb4 Nc7 16. h3 Qe8 17. Ne2 g5 18. Nh2 Nf6 19.
Bb2 Qh5 20. Qd3 Kg8 21. e5 dxe5 22. dxe5 Nfe8 23. Qb3 Bf5 24. Rbd1 Ne6 25. c5 Kh8 26. Rd7 Rf7 27. Rxb7 Rc8 28.
Nd4 Nxd4 29. Bxd4 Ng7 30. e6 1-0

[Event "European Women's Chess Championship (49-84)"]
[Site "Batumi, Georgia"]
[Date "2026.05.25"]
[Round "1.62"]
[White "Khairova, Evelina"]
[Black "Charkhalashvili, Inga"]
[Result "1/2-1/2"]
[TimeControl "90min /40moves + 30min + 30-sec increment from move 1"]
[WhiteTitle "-"]
[BlackTitle "-"]
[WhiteFideId "2845768"]
[BlackFideId "13601431"]
[WhiteElo "1880"]
[BlackElo "2235"]

1. e4 c6 2. d4 d5 3. Nc3 dxe4 4. Nxe4 Bf5 5. Ng3 Bg6 6. Nf3 Nd7 7. h4 h6 8. h5 Bh7 9. Bd3 Bxd3 10.
Qxd3 e6 11. Bd2 Ngf6 12. O-O-O Be7 13. Kb1 Qc7 14. Ne4 O-O-O 15. Qe2 Rhe8 16. c4 Nxe4 17. Qxe4 Nf6 18. Qe2 c5 19. Bc3 Qf4 20.
Rh4 Ng4 21. Rhh1 Bf6 22. g3 Qf5+ 23. Ka1 Rd7 24. Nh4 Bxh4 25. Rxh4 Nf6 26. a3 Red8 27. Rd2 cxd4 28. Rdxd4 Qg5 29.
Rxd7 Rxd7 30. Bd4 a6 1/2-1/2

[Event "European Women's Chess Championship (49-84)"]
[Site "Batumi, Georgia"]
[Date "2026.05.25"]
[Round "1.63"]
[White "Rapport, Jovana"]
[Black "Recica, Jona"]
[Result "1-0"]
[TimeControl "90min /40moves + 30min + 30-sec increment from move 1"]
[WhiteTitle "-"]
[BlackTitle "-"]
[WhiteFideId "937266"]
[BlackFideId "22105239"]
[WhiteElo "2235"]
[BlackElo "1842"]

1. Nf3 d5 2. g3 Nf6 3. Bg2 e6 4. O-O Be7 5. d3 O-O 6. Nbd2 b6 7. e4 Bb7 8. e5 Nfd7 9. Re1 c5 10.
Nf1 Nc6 11. h4 Re8 12. c3 Qc7 13. Bf4 Nf8 14. h5 h6 15. N1h2 Nh7 16. Ng4 Qd8 17. Bd2 Ng5 18. Nfh2 Nh7 19.
f4 Qd7 20. Nf3 Ba6 21. Nf2 b5 22. Bh3 Qd8 23. a3 c4 24. Be3 Na5 25. Nd4 Bc5 26. Nc6 Qb6 27. Bxc5 Qxc6 28. Be3 Nb3 29.
Rb1 Bb7 30. d4 a5 31. g4 Qb6 32. g5 Qd8 33. Qg4 Kh8 34. Kh2 f5 35. exf6 gxf6 36. gxh6 Rg8 37. Qxe6 Qf8 38. Qd7 Ra7 39.
Rg1 Qxh6 40. Rxg8+ Kxg8 41. Rg1+ Kh8 42. Be6 1-0